 Dungeon Crawl Stone Soup version 0.25-a0-578-gc91f01c39c (webtiles) character file.

Game seed: 1651412180730814236, levelgen mode: deterministic

66 Delarado the Ruffian (level 4, 0/31 HPs)
             Began as an Octopode Fighter on Mar 5, 2020.
             Succumbed to an adder's poison
             ... on level 3 of the Dungeon.
             The game lasted 00:03:40 (1479 turns).

Delarado the Ruffian (Octopode Fighter)             Turns: 1479, Time: 00:03:41

Health: 0/31       AC:  1    Str: 16    XL:     4   Next: 15%
Magic:  4/4        EV: 11    Int: 10    God:
Gold:   57         SH:  8    Dex: 11    Spells: 3/3 levels left

rFire    . . .     SeeInvis .     - Unarmed
rCold    . . .     Gourm    .   a - +0 kite shield
rNeg     . . .     Faith    .   (helmet restricted)
rPois    .         Spirit   .   o - amulet of inaccuracy (curse)
rElec    .         Reflect  .   (no ring)
rCorr    .         Harm     .   (no ring)
MR       .....                  (no ring)
Stlth    ++........             (no ring)
HPRegen  0.10/turn              (no ring)
MPRegen  0.09/turn              (no ring)
                                (no ring)
                                (no ring)

@: lethally poisoned (0 -> -2)
A: almost no armour, stealthy swim, amphibious, 8 rings, constrict 8, camouflage
1, gelatinous body 1
a: no special abilities


You were on level 3 of the Dungeon.
You were near starving.

You visited 1 branch of the dungeon, and saw 3 of its levels.

You collected 57 gold pieces.

Inventory:

Missiles
 g - 51 stones (quivered)
 j - 4 poisoned darts
Armour
 a - a +0 kite shield (worn)
Jewellery
 f - an uncursed ring of ice
 o - a cursed amulet of inaccuracy (around mantle)
Scrolls
 h - 2 scrolls of identify
 l - a scroll of enchant weapon
Potions
 b - a potion of might
 m - a potion of stabbing
 n - a potion of magic {unknown}
Comestibles
 c - 6 rations


   Skills:
 - Level 3.0 Fighting
 - Level 3.0 Dodging
 - Level 3.0 Shields
 + Level 4.3 Unarmed Combat


You had 3 spell levels left.
You didn't know any spells.
Your spell library was empty.

Dungeon Overview and Level Annotations

Branches:
Dungeon (3/15)

Altars:
Ashenzari


Innate Abilities, Weirdness & Mutations

You cannot wear most types of armour.
You are very stealthy in the water. (Stealth+)
You are amphibious.
You can wear up to eight rings at the same time.
You can use your tentacles to constrict eight enemies at once.
Your skin changes colour to match your surroundings (Stealth+).
Your rubbery body absorbs attacks. (AC +1, EV +1)


Message History

The adder is moderately wounded.
You block the adder's attack.
You miss the adder. You grab the adder.
Your tentacle-slap misses the adder.
The adder is moderately wounded.
You constrict the adder. The adder closely misses you.
You bludgeon the adder!
You kill the adder!
You have reached level 4!
You feel sick.
The kobold throws a stone.
The stone hits you.
* * * LOW HITPOINT WARNING * * *
You block the kobold's attack.
You barely miss the kobold. Your grab misses the kobold.
You block the kobold's attack.
You closely miss the kobold. Your grab misses the kobold.
The kobold hits you with a +0 dagger.
* * * LOW HITPOINT WARNING * * *
You barely miss the kobold. Your grab misses the kobold.
You squeeze the kobold.
You kill the kobold!
You die...

#######
#.....#
#@###.#
#)# #.#
#.# #.#
#.# #.#
#.# #.#
#.# #.#
#.# #.#
#.# #.#
#.#


There were no monsters in sight!

Vanquished Creatures
  4 adders
  A worm (D:2)
  A ball python (D:2)
  2 goblins
  3 hobgoblins
  4 bats
  2 frilled lizards
  7 kobolds
  4 rats (D:2)
28 creatures vanquished.

Notes
Turn   | Place    | Note
-------+----------+-------------------------------------------
     0 | D:1      | Delarado the Octopode Fighter began the quest for the Orb.
     0 | D:1      | Reached XP level 1. HP: 16/16 MP: 1/1
   316 | D:1      | Reached XP level 2. HP: 11/21 MP: 2/2
   539 | D:2      | Reached skill level 3 in Unarmed Combat
   799 | D:2      | Reached XP level 3. HP: 20/26 MP: 3/3
  1092 | D:2      | Reached skill level 4 in Unarmed Combat
  1189 | D:2      | Found a shattered altar of Ashenzari.
  1475 | D:3      | Reached XP level 4. HP: 7/31 MP: 4/4
  1478 | D:3      | HP: 1/31 [kobold/+0 dagger (2)]
  1479 | D:3      | Succumbed to an adder's poison

Levels and vault maps discovered:
D:1:      lemuel_arrival_lava_pool, layout_rooms
D:2:      layout_rooms, ashenzari_altar_1
D:3:      layout_basic, tgw_sif, first_ration, uniq_sigmund

Skill      XL: |  1  2  3 |
---------------+----------+-----
Unarmed Combat | 3 4 |  4.3
Fighting       | |  3.0
Dodging        | |  3.0
Shields        | |  3.0

Action                   |  1- 3 |  4- 6 || total
-------------------------+-------+-------++-------
Melee: Unarmed           |    58 |     3 ||    61
       Constrict         |    13 |       ||    13
       Tentacles         |     9 |     1 ||    10
Throw: Stone             |    34 |       ||    34
  Use: Scroll            |     6 |       ||     6
 Stab: Sleeping          |     4 |       ||     4
Armor: Skin              |     4 |       ||     4
Dodge: Dodged            |    26 |       ||    26
Block: Kite shield       |    21 |     2 ||    23

Table legend:
 A = Non-vault XP
 B = Vault XP
 C = Vault XP percentage of total XP
 D = Non-vault monster count
 E = Vault monster count
 F = Vault count percentage of total count
                 A         B        C        D         E       F
            +---------+---------+-------+---------+---------+-------
      Total |      95 |       0 |   0.0 |      28 |       0 |   0.0
            +---------+---------+-------+---------+---------+-------
        D:1 |      10 |       0 |   0.0 |       7 |       0 |   0.0
        D:2 |      70 |       0 |   0.0 |      19 |       0 |   0.0
        D:3 |      15 |       0 |   0.0 |       2 |       0 |   0.0
            +---------+---------+-------+---------+---------+-------
